 Dungeon Crawl Stone Soup version 0.23.2-1-ga50397a (webtiles) character file.

Game seed: 14044171716074047507

36 MalarOregon the Chopper (level 3, -3/31 HPs)
             Began as a Ghoul Gladiator on May 26, 2019.
             Slain by Natasha (6 damage)
             ... on level 2 of the Dungeon.
             The game lasted 00:01:22 (1086 turns).

MalarOregon the Chopper (Ghoul Gladiator)           Turns: 1086, Time: 00:01:23

Health: -3/31      AC:  4    Str: 17    XL:     3   Next: 37%
Magic:  2/2        EV: 12    Int:  4    God:
Gold:   88         SH:  0    Dex: 10    Spells: 2/2 levels left

rFire    . . .     SeeInvis .   a - +0 war axe
rCold    + . .     Gourm    .   (no shield)
rNeg     + + +     Faith    .   b - +0 leather armour
rPois    ∞         Spirit   .   c - +0 helmet
rElec    .         Reflect  .   (no cloak)
rCorr    .         Harm     .   (no gloves)
MR       .....                  (no boots)
Stlth    +.........             (no amulet)
HPRegen  0.00/turn              (no ring)
MPRegen  0.08/turn              (no ring)

@: rotting
A: rotting body, claws 1, carnivore, cold resistance 1, negative energy
resistance 3, inhibited regeneration, torment resistance, unbreathing
a: no special abilities


You were on level 2 of the Dungeon.
You were not hungry.

You visited 1 branch of the dungeon, and saw 2 of its levels.

You collected 88 gold pieces.

Inventory:

Hand Weapons
 a - a +0 war axe (weapon)
Missiles
 d - 3 throwing nets (quivered) {!f}
Armour
 b - a +0 leather armour (worn)
 c - a +0 helmet (worn)
Scrolls
 h - 2 scrolls of identify {unknown}
 i - a scroll of enchant armour {unknown}
 j - a scroll of remove curse {unknown}
 k - 2 scrolls of teleportation {unknown}
 m - a scroll of random uselessness {unknown}
Potions
 g - a potion of lignification {unknown}
 l - 2 potions of curing {unknown}
Comestibles
 e - 5 rations {!d}
 f - 5 chunks of flesh


   Skills:
 + Level 3.2 Fighting
 + Level 3.3 Axes
 - Level 1.7 Throwing
 - Level 2.6 Dodging


You had 2 spell levels left.
You didn't know any spells.
Your spell library was empty.

Dungeon Overview and Level Annotations

Branches:
Dungeon (2/15)

Altars:

Annotations:
D:2 Natasha


Innate Abilities, Weirdness & Mutations

Your body is rotting away.
You thrive on raw meat.
You are immune to poison.
You have sharp fingernails.
You are carnivorous and can eat meat at any time.
Your flesh is cold resistant. (rC+)
You are immune to negative energy. (rN+++)
You do not regenerate when monsters are visible.
You are immune to unholy pain and torment.
You can survive without breathing.


Message History

No target in view!
No target in view!
No target in view!
No target in view!
No target in view!
No target in view!
No target in view!
Found a large shield.
You see here a +0 club.
Found 9 gold pieces.
k - 2 scrolls labeled GUUN XIYLARI (gained 1)
Found a club.
Found a stone staircase leading down.
A goblin comes into view. It is wielding a +0 dagger.
The goblin shouts!
You hear a shout!
A goblin comes into view. It is wielding a +0 club.
An adder comes into view.
A goblin comes into view. x2
You see here a scroll labeled SUN BOTESMEA.
You start waiting.
The goblin is too close now for your liking.
You hit the goblin.
You kill the goblin!
No target in view!
You start waiting.
Natasha, Servant of Life and Death comes into view.
Natasha hisses angrily.
You barely miss Natasha. Natasha casts a spell at you. The magic dart hits you.
Natasha misses you.
You closely miss Natasha. Natasha claws you.
You barely miss Natasha.
Natasha extends her claws.
Natasha closely misses you.
Natasha mumbles some strange words.
You feel disoriented. Natasha barely misses you.
You hit Natasha. Natasha claws you.
You barely miss Natasha. Natasha claws you but does no damage.
You hit Natasha.
Natasha stares at you and mumbles some strange words.
You resist with significant effort.
You slash Natasha! Natasha claws you but does no damage.
Natasha stares at you and mumbles some strange words.
The magic dart hits you.
You miss Natasha. Natasha claws you.
* * * LOW HITPOINT WARNING * * *
You barely miss Natasha. Natasha claws you!
* * * LOW HITPOINT WARNING * * *
You barely miss Natasha. Natasha claws you.
You die...

g.........# #
...$......### .###
...g....(...#
.....
............##.[.#
.......?.........#
######.......##.>
...........).#
........####.#####
..).....h@.#.....#
........##.#####.#
............<..#.#
...#######.#.#.#.#
...#######.......#
. ............####
............+..#
............##.#
#...........##.#


You could see Natasha.

Vanquished Creatures
  4 dart slugs (D:1)
  2 leopard geckos (D:1)
  3 bats (D:1)
  3 goblins
  4 hobgoblins
  2 frilled lizards (D:1)
  2 kobolds (D:1)
  6 rats (D:1)
26 creatures vanquished.

Notes
Turn   | Place    | Note
-------+----------+-------------------------------------------
     0 | D:1      | MalarOregon the Ghoul Gladiator began the quest for the
                  | Orb.
     0 | D:1      | Reached XP level 1. HP: 17/17 MP: 0/0
   336 | D:1      | Reached XP level 2. HP: 15/25 MP: 1/1
   541 | D:1      | Reached XP level 3. HP: 21/31 MP: 2/2
  1074 | D:2      | Noticed Natasha
  1086 | D:2      | Slain by Natasha

Skill      XL: |  1  2 |
---------------+-------+-----
Axes           | 3 |  3.3
Fighting       | 3 |  3.2
Throwing       | |  1.7
Dodging        | |  2.6

Action                   || total
-------------------------++-------
Melee: War axe           ||    70
  Eat: Chunk             ||     2
Armor: Leather armour    ||    17
Dodge: Dodged            ||    44
